 Dungeon Crawl Stone Soup version 0.21-a0-78-g82a99e0 (webtiles) character file.

4304 stigmas the Martial Artist (level 10, 0/82 HPs)
             Began as a Human Monk on June 20, 2017.
             Was a Priest of Kikubaaqudgha.
             Slain by a hornet (16 damage)
             ... on level 8 of the Dungeon.
             The game lasted 00:25:26 (10096 turns).

stigmas the Martial Artist (Human Monk)            Turns: 10096, Time: 00:25:27

Health: 0/82       AC: 11    Str: 21    XL:     10   Next: 58%
Magic:  2/13       EV: 17    Int: 13    God:    Kikubaaqudgha [***...]
Gold:   143        SH:  0    Dex: 16    Spells: 8/14 levels left

rFire    x . .     SeeInvis .   a - +10 hand axe "Seeduedd" {chop, rPois rF- rC+ Str+9}
rCold    + + .     Gourm    +   (no shield)
rNeg     . . .     Faith    .   x - +0 robe
rPois    +         Spirit   .   i - +2 hat
rElec    .         Reflect  .   r - +2 cloak
rCorr    .         Harm     .   k - +0 pair of gloves
MR       .....                  u - +2 pair of boots
Stlth    ++........             v - amulet of the gourmand
HPRegen  0.23/turn              n - ring of protection from cold
MPRegen  0.13/turn              (no ring)

@: lethally poisoned (0 -> -1)
A: no striking features
a: Receive Corpses, Renounce Religion


You were on level 8 of the Dungeon.
You worshipped Kikubaaqudgha.
Kikubaaqudgha was most pleased with you.
You were full.

You visited 2 branches of the dungeon, and saw 9 of its levels.
You also visited: Sewer.

You collected 493 gold pieces.
You spent 350 gold pieces at shops.

Inventory:

Hand Weapons
 a - the +10 hand axe "Seeduedd" (weapon) {chop, rPois rF- rC+ Str+9}
   (You found it on level 4 of the Dungeon)

   It inflicts extra damage upon your enemies.
   It affects your strength (+9).
   It makes you vulnerable to fire.
   It protects you from cold.
   It protects you from poison.
Armour
 i - a +2 hat (worn)
 k - a +0 pair of gloves (worn)
 r - a +2 cloak (worn)
 u - a +2 pair of boots (worn)
 x - a +0 robe (worn)
Jewellery
 n - a ring of protection from cold (left hand)
 v - an amulet of the gourmand (around neck)
Wands
 t - a wand of lightning (1/15)
 D - a wand of polymorph (8/24)
 F - a wand of polymorph (16/24)
Scrolls
 e - 3 scrolls of amnesia
 f - a scroll of magic mapping
 o - 3 scrolls of recharging
 q - 3 scrolls of remove curse
 C - 3 scrolls of acquirement {unknown}
 E - a scroll of identify
Potions
 d - 2 potions of mutation
 g - a potion of degeneration
 m - 2 potions of might
 s - 4 potions of flight
 A - a potion of curing {unknown}
 B - 2 potions of lignification {unknown}
Books
 c - Kikubaaqudgha's Collected Works on Black Rites
   (Kikubaaqudgha gifted it to you in the Ecumenical Temple)

   Spells                             Type                      Level
   a - Pain                           Necromancy                   1
   b - Corpse Rot                     Necromancy                   2
   c - Sublimation of Blood           Necromancy                   2
   d - Vampiric Draining              Necromancy                   3
   e - Control Undead                 Necromancy                   4
 j - a book of the Warp

   Spells                             Type                      Level
   a - Gell's Gravitas                Translocation                3
   b - Portal Projectile              Hexes/Translocation          3
   c - Force Lance                    Conjuration/Translocation    4
   d - Dispersal                      Translocation                6
   e - Controlled Blink               Translocation                8
   f - Disjunction                    Translocation                8
 y - Kikubaaqudgha's Collected Works on Unholy Rituals
   (Kikubaaqudgha gifted it to you on level 6 of the Dungeon)

   Spells                             Type                      Level
   a - Animate Dead                   Necromancy                   4
   b - Excruciating Wounds            Charms/Necromancy            5
   c - Cigotuvi's Embrace             Necromancy                   5
   d - Dispel Undead                  Necromancy                   5
   e - Death Channel                  Necromancy                   6
Comestibles
 b - 2 bread rations
 h - 2 meat rations
 l - 9 fruits
 w - 3 royal jellies


   Skills:
 * Level 8.6 Fighting
 + Level 6.8 Dodging
 - Level 2.0 Stealth
 + Level 10.2 Unarmed Combat
 * Level 2.5 Spellcasting
 * Level 3.1 Necromancy


You had 8 spell levels left.
You knew the following spells:

 Your Spells              Type           Power        Failure   Level  Hunger
a - Pain                  Necr           #...         7%          1    #......
b - Sublimation of Blood  Necr           #.........   11%         2    ###....
c - Vampiric Draining     Necr           #.........   21%         3    ###....


Dungeon Overview and Level Annotations

Branches:
Dungeon (8/15)             Temple (1/1) D:6
   Lair: D:8-11

Altars:
Ashenzari
Cheibriados
Dithmenos
Elyvilon
Gozag
Kikubaaqudgha
Makhleb
Nemelex Xobeh
Okawaru
Qazlal
Ru
Uskayaw
Vehumet
Xom
Yredelemnul
The Shining One
Jiyva

Shops:
D:4 !   D:6 *


Message History

You feel sick.
The hornet stings you but does no damage.
The hornet misses you.
You closely miss the hornet.
The hornet is moderately wounded.
The hornet barely misses you. The hornet closely misses you.
You closely miss the hornet.
The hornet is moderately wounded.
You feel sick. The hornet completely misses you. The hornet barely misses you.
You slash the hornet!
The hornet is severely wounded.
You feel sick. The hornet stings you.
* * * LOW HITPOINT WARNING * * *
You feel yourself slow down. The hornet closely misses you.
You hit the hornet. You punch the hornet, but do no damage.
The hornet is almost dead.
You feel yourself speed up.
You feel sick. The hornet stings you!
You die...
Kikubaaqudgha rasps: "You have failed me!
Welcome... death!"

#........###.#.....<###
#.#.####.).......#.## #
#.#.########.###.#.# #
#.#.##.......#*#.#.####
#.#..#.###....##.#.....
#........'....+........
#.##.#.###....##.#.#.##
**#.##.#.# #######.#...#
#......#@# #.######
#######...####y# #.......
#.....+...#
#.################
#.#####...#
#................. #.#
#...####.(........#######
#.# #...##......))....#
#.# *#...#..#.....)...##
#.# *,,,,###.####'#####
#.# *,,,,*,#.####'###


You could see a hornet.

Vanquished Creatures
  The ghost of stigmas the Insei, a novice HuMo (D:6)
  A troll (D:7)
  A hornet (D:8)
  Menkaure (D:7)
  A hungry ghost (D:8)
  Edmund (D:6)
  Duvessa (D:6)
  2 orc warriors
  6 sky beasts
  A phantom (D:8)
  5 ogres
  3 centaurs
  3 big kobolds
  2 bullfrogs
  Dowan (D:6)
  3 killer bees (D:8)
  A howler monkey (D:4)
  3 crimson imps (D:8)
  A quasit (D:6)
  A bullfrog skeleton (D:6)
  2 jellies
  Crazy Yiuf (D:3)
  2 orc priests (D:7)
  A hound (D:6)
  Natasha (D:2)
  6 orc wizards
  4 worker ants
  A hound skeleton (D:7)
  3 gnolls
  9 adders
  2 river rats
  2 shadow imps
  3 worms
  3 dart slugs
  7 leopard geckos
  30 orcs
  3 ball pythons
  7 giant cockroaches
  7 goblins
  8 hobgoblins
  13 jackals
  7 quokkas
  A ball python zombie (D:6)
  10 bats
  4 frilled lizards
  20 kobolds
  A quokka skeleton (D:7)
  A quokka zombie (D:7)
  8 rats
206 creatures vanquished.

Notes
Turn   | Place    | Note
-------+----------+-------------------------------------------
     0 | D:1      | stigmas the Human Monk began the quest for the Orb.
     0 | D:1      | Reached XP level 1. HP: 18/18 MP: 1/1
   236 | D:1      | Reached XP level 2. HP: 14/24 MP: 2/2
  1183 | D:2      | Reached XP level 3. HP: 19/29 MP: 3/3
  1716 | D:2      | Found a faded altar of an unknown god.
  2023 | D:2      | Noticed Natasha
  2118 | D:2      | Reached skill level 4 in Unarmed Combat
  2124 | D:2      | Killed Natasha
  2124 | D:2      | Reached XP level 4. HP: 19/35 MP: 4/4
  2278 | D:2      | Found a shimmering altar of Xom.
  2282 | D:2      | Found a stormy altar of Qazlal.
  2282 | D:2      | Found a shattered altar of Ashenzari.
  2282 | D:2      | Found a shadowy altar of Dithmenos.
  2844 | D:3      | Reached XP level 5. HP: 25/41 MP: 5/5
  3224 | D:3      | Found a runed door.
  3228 | D:3      | Noticed Crazy Yiuf
  3239 | D:3      | Killed Crazy Yiuf
  3239 | D:3      | Reached skill level 5 in Unarmed Combat
  3714 | D:3      | Reached XP level 6. HP: 27/48 MP: 6/6
  3846 | D:3      | Found an iron altar of Okawaru.
  3856 | D:3      | Found a radiant altar of Vehumet.
  4044 | D:3      | Found a snail-covered altar of Cheibriados.
  4174 | D:3      | Found a white marble altar of Elyvilon.
  4217 | D:4      | Found Citan's Distillery.
  4846 | D:5      | Entered Level 5 of the Dungeon
  4915 | D:4      | Reached skill level 6 in Unarmed Combat
  5076 | D:4      | Found a burning altar of Makhleb.
  5087 | D:4      | Bought a potion of berserk rage for 50 gold pieces
  5087 | D:4      | Bought 2 potions of heal wounds for 100 gold pieces
  5087 | D:4      | Bought a potion of agility for 40 gold pieces
  5104 | D:4      | Found a sparkling altar of Nemelex Xobeh.
  5223 | D:4      | Got a brightly glowing hand axe
  5224 | D:4      | Identified the +10 hand axe "Seeduedd" {chop, rPois rF- rC+ Str+9} (You found it on level 4 of the Dungeon)
  5376 | D:4      | Reached XP level 7. HP: 32/53 MP: 7/7
  5623 | D:5      | You fall through a shaft for 2 floors!
  5685 | D:7      | Reached skill level 7 in Unarmed Combat
  5718 | D:7      | HP: 1/54 [orc warrior/battleaxe (18)]
  5751 | D:7      | Reached XP level 8. HP: 26/60 MP: 8/8
  5953 | D:8      | Reached skill level 8 in Unarmed Combat
  6183 | D:8      | Reached skill level 9 in Unarmed Combat
  6351 | D:7      | Reached skill level 5 in Fighting
  6351 | D:7      | Reached XP level 9. HP: 60/68 MP: 9/9
  6368 | D:7      | Noticed Menkaure
  6373 | D:7      | Killed Menkaure
  6373 | D:7      | Reached skill level 5 in Dodging
  6406 | D:6      | Found Ruixta Locs's Assorted Antiques.
  6447 | D:6      | Bought a square cabochon amulet for 160 gold pieces
  6468 | D:6      | Found a basalt altar of Yredelemnul.
  6472 | D:6      | Noticed Dowan
  6475 | D:6      | Noticed Duvessa
  6483 | D:6      | Killed Dowan
  6485 | D:6      | Noticed stigmas's ghost (novice HuMo)
  6486 | D:6      | Killed Duvessa
  6736 | D:6      | Reached skill level 10 in Unarmed Combat
  6799 | D:6      | Found a staircase to the Ecumenical Temple.
  6809 | Temple   | Entered the Ecumenical Temple
  6827 | Temple   | Became a worshipper of Kikubaaqudgha
  6827 | Temple   | Reached * piety under Kikubaaqudgha
  6827 | Temple   | Identified Kikubaaqudgha's Collected Works on Black Rites (Kikubaaqudgha gifted it to you in the Ecumenical Temple)
  6827 | Temple   | Received a gift from Kikubaaqudgha
  6827 | Temple   | Reached ** piety under Kikubaaqudgha
  6834 | Temple   | Learned a level 1 spell: Pain
  6837 | Temple   | Learned a level 2 spell: Sublimation of Blood
  6841 | Temple   | Learned a level 3 spell: Vampiric Draining
  6902 | D:6      | Found a glowing drain.
  6910 | Sewer    | Entered a sewer
  6998 | Sewer    | Found a white marble altar of Elyvilon.
  7159 | D:6      | Noticed Edmund
  7175 | D:6      | Killed Edmund
  7175 | D:6      | Reached skill level 1 in Necromancy
  7209 | D:5      | Reached skill level 1 in Spellcasting
  7485 | D:5      | Found a burning altar of Makhleb.
  8175 | D:6      | Found a glowing golden altar of the Shining One.
  8413 | D:6      | Killed stigmas's ghost
  8413 | D:6      | Reached XP level 10. HP: 59/79 MP: 12/12
  8511 | D:6      | Reached *** piety under Kikubaaqudgha
  8511 | D:6      | Identified Kikubaaqudgha's Collected Works on Unholy Rituals (Kikubaaqudgha gifted it to you on level 6 of the Dungeon)
  8511 | D:6      | Received a gift from Kikubaaqudgha
  9924 | D:8      | Noticed a two-headed ogre
 10084 | D:8      | Paralysed by a hornet for 3 turns
 10096 | D:8      | Slain by a hornet

Vault maps used:
D:1:      lemuel_arrival_room
D:2:      grunt_temple_overflow_open, chequers_ecumenical_altar_lobes,
          uniq_natasha
D:3:      nicolae_overflow_quartered_altars, st_stairs_6,
          uniq_crazy_yiuf_cottage
D:4:      nicolae_overflow_hidden_temple, serial_shops, nicolae_shop_waterfront
D:5:      basic_altar, first_bread, roderic_malta_cross
D:6:      nicolae_overflow_crystal_walls, minmay_temple_entry_junction,
          serial_shops, nicolae_shop_waterfront, portal_sewer_entry_e,
          basic_altar, uniq_duvessa, uniq_edmund
D:7:      uniq_menkaure
D:8:      hangedman_pestilent_swarm
Temple:   pf_slime_end_temple
Sewer:    sewer_kobolds

Skill      XL: |  1  2  3  4  5  6  7  8  9 10 |
---------------+-------------------------------+-----
Unarmed Combat | 4 5 6 7 9 10 | 10.2
Fighting       | 4 5 7 8 |  8.6
Dodging        | 4 6 |  6.8
Necromancy     | 2 3 |  3.1
Spellcasting   | 1 2 |  2.5
Stealth        | |  2.0

Action                   |  1- 3 |  4- 6 |  7- 9 | 10-12 || total
-------------------------+-------+-------+-------+-------++-------
Melee: Unarmed           |   138 |   309 |       |       ||   447
       Punch             |     2 |     2 |     7 |     8 ||    19
       Hand axe          |       |     8 |   205 |   114 ||   327
 Cast: Vampiric Draining |       |       |       |     4 ||     4
       Pain              |       |       |       |     2 ||     2
Evoke: Wand              |       |       |       |     2 ||     2
  Use: Scroll            |     4 |     3 |     8 |     2 ||    17
       Potion            |       |       |     5 |     1 ||     6
 Stab: Sleeping          |     2 |     3 |     2 |     2 ||     9
       Distracted        |     1 |     1 |       |       ||     2
  Eat: Chunk             |     3 |    11 |    13 |     8 ||    35
       Meat ration       |       |       |     1 |       ||     1
Armor: Robe              |    35 |    87 |    83 |    53 ||   258
Dodge: Dodged            |    97 |   211 |   161 |   141 ||   610
